2810 views
Uploaded 2020-04-01 16:24:34
Game version 1.32.3
9:53 long 1on1 custom game on (2)LastRefuge
Game name "game1"
Saved by Happy
2810 views
Uploaded 2020-04-01 16:24:34
Game version 1.32.3
9:53 long 1on1 custom game on (2)LastRefuge
Game name "game1"

14 units @ 2.1k
/ 0.3k
10 buildings @ 1.7k
/ 0.5k



| Rod of Necromancy | 1 | 150 |
| Orb of Corruption | 1 | 375 |
| Boots of Speed | 1 | 250 |
| total: | 3 | 775g |
| Acolyte | 4 | 300 | / | 0 |
| Ghoul | 3 | 360 | / | 0 |
| Crypt Fiend | 5 | 1075 | / | 200 |
| Obsidian Statue | 2 | 400 | / | 70 |
| total: | 14 | 2135g | / | 270w |
| Nerubian Tower | 1 | 100 | / | 20 |
| Ziggurat | 4 | 600 | / | 200 |
| Altar of Darkness | 1 | 180 | / | 50 |
| Crypt | 1 | 200 | / | 50 |
| Tomb of Relics | 1 | 130 | / | 30 |
| Graveyard | 1 | 215 | / | 0 |
| Necropolis | 1 | 225 | / | 0 |
| Slaughterhouse | 1 | 140 | / | 135 |
| Halls of the Dead | 1 | 320 | / | 210 |
| Black Citadel | 1 | 325 | / | 230 |
| total: | 10 | 1690g | / | 465w |
| 0:00 | Acolyte |
| 0:04 | Ziggurat |
| 0:06 | Altar of Darkness |
| 0:09 | Acolyte |
| 0:31 | Crypt |
| 0:39 | Acolyte |
| 0:55 | Tomb of Relics |
| 1:17 | Graveyard |
| 1:31 | Ghoul |
| 1:38 | Ghoul |
| 2:04 | Rod of Necromancy |
| 2:07 | Death Coil |
| 2:28 | Halls of the Dead |
| 2:37 | Ghoul |
| 2:56 | Ziggurat |
| 3:09 | Nerubian Tower |
| 3:25 | Unholy Aura |
| 3:41 | Boots of Speed |
| 3:47 | Crypt Fiend |
| 4:20 | Crypt Fiend |
| 4:50 | Frost Arrows |
| 5:23 | Black Citadel |
| 5:38 | Slaughterhouse |
| 5:52 | Ziggurat |
| 6:32 | Ziggurat |
| 6:43 | Crypt Fiend |
| 6:44 | Obsidian Statue |
| 6:49 | Crypt Fiend |
| 7:19 | Obsidian Statue |
| 7:21 | Burrow |
| 7:44 | Forked Lightning |
| 7:54 | Death Coil |
| 8:05 | Destroyer Form |
| 8:22 | Crypt Fiend |
| 8:44 | Acolyte |
| 8:54 | Orb of Corruption |
| 8:57 | Frost Nova |
| 9:23 | Forked Lightning |
| 9:32 | Necropolis |
| Select group | 1412 |
| Right click | 1010 |
| Select | 686 |
| Misc. action | 203 |
| Assign group | 165 |
| Build/train/purchase | 81 |
| Use ability | 30 |
| Chat | 10 |
| Item give/drop | 6 |
| Esc | 1 |
/ 0.3k
15 buildings @ 2.8k
/ 1.2k

| Wisp | 13 | 780 | / | 0 |
| Archer | 5 | 650 | / | 50 |
| Druid of the Claw | 2 | 510 | / | 160 |
| Dryad | 1 | 145 | / | 60 |
| total: | 21 | 2085g | / | 270w |
| Altar of Elders | 1 | 180 | / | 50 |
| Moon Well | 5 | 900 | / | 200 |
| Ancient of War | 2 | 300 | / | 120 |
| Ancient of Wonders | 2 | 180 | / | 60 |
| Hunter's Hall | 1 | 210 | / | 100 |
| Tree of Life | 2 | 680 | / | 370 |
| Ancient of Lore | 2 | 310 | / | 290 |
| Tree of Ages | 1 | 320 | / | 180 |
| Tree of Eternity | 1 | 330 | / | 200 |
| total: | 15 | 2760g | / | 1190w |
| 0:01 | Wisp |
| 0:02 | Wisp |
| 0:03 | Altar of Elders |
| 0:16 | Moon Well |
| 0:23 | Ancient of War |
| 0:31 | Wisp |
| 0:40 | Wisp |
| 0:52 | Wisp |
| 0:52 | Wisp |
| 1:08 | Wisp |
| 1:23 | Archer |
| 1:31 | Wisp |
| 1:42 | Moon Well |
| 1:43 | Wisp |
| 1:54 | Wisp |
| 2:08 | Mana Burn |
| 2:12 | Ancient of Wonders |
| 2:13 | Wisp |
| 2:34 | Archer |
| 2:41 | Archer |
| 2:45 | Moon Well |
| 2:55 | Archer |
| 3:06 | Archer |
| 3:11 | Evasion |
| 3:26 | Hunter's Hall |
| 4:19 | Wisp |
| 4:19 | Wisp |
| 4:35 | Tree of Ages |
| 4:45 | Tree of Life |
| 5:14 | Tree of Life |
| 6:50 | Ancient of War |
| 7:02 | Ancient of Lore |
| 7:04 | Ancient of Lore |
| 7:26 | Tree of Eternity |
| 7:29 | Moon Well |
| 7:44 | Moon Well |
| 8:16 | Druid of the Claw Adept Training |
| 8:16 | Druid of the Claw |
| 8:20 | Druid of the Claw |
| 8:54 | Ancient of Wonders |
| 9:14 | Dryad |
| 9:22 | Abolish Magic |
| Right click | 643 |
| Select group | 526 |
| Select | 266 |
| Use ability | 40 |
| Build/train/purchase | 38 |
| Assign group | 32 |
| Chat | 13 |
| Misc. action | 6 |
| Esc | 3 |
| Remove unit | 1 |